 Dungeon Crawl Stone Soup version 0.21-a0-270-g8204059 (webtiles) character file.

693 Gorglomux the Ruffian (level 7, -2/72 HPs)
             Began as a Troll Monk on Sept 12, 2017.
             Shot with an arrow by a centaur (3 damage)
             ... on level 5 of the Dungeon on Sept 14, 2017.
             The game lasted 00:07:18 (3490 turns).

Gorglomux the Ruffian (Troll Monk)                  Turns: 3490, Time: 00:07:19

Health: -2/72      AC:  5    Str: 20    XL:     7   Next: 37%
Magic:  6/6        EV: 10    Int:  8    God:
Gold:   303        SH:  0    Dex: 12    Spells: 6/6 levels left

rFire    . . .     SeeInvis .     - Unarmed
rCold    . . .     Gourm    +   (no shield)
rNeg     . . .     Faith    .   a - +0 robe
rPois    .         Spirit   .   (helmet restricted)
rElec    .         Reflect  .   (no cloak)
rCorr    .         Harm     .   (gloves unavailable)
MR       .....                  (boots unavailable)
Stlth    ++........             (no amulet)
HPRegen  0.62/turn              (no ring)
MPRegen  0.10/turn              (no ring)

@: no status effects
A: unfitting armour, claws 3, fast metabolism 3, gourmand, regeneration 1,
shaggy fur 1, tough skin 2
a: no special abilities


You were on level 5 of the Dungeon.
You were completely stuffed.

You visited 1 branch of the dungeon, and saw 5 of its levels.

You collected 303 gold pieces.

Inventory:

Hand Weapons
 H - a +2 short sword of venom
Armour
 a - a +0 robe (worn)
Jewellery
 K - an uncursed amulet of regeneration {unknown}
 O - a cursed ring of stealth {unknown}
 S - a cursed ring of loudness {unknown}
Wands
 D - a wand of digging (7/24)
 I - a wand of iceblast (8/15)
Scrolls
 e - a scroll of recharging {unknown}
 A - 2 scrolls of enchant weapon {unknown}
 C - 2 scrolls of teleportation {unknown}
 E - 2 scrolls of blinking {unknown}
 L - a scroll of amnesia {unknown}
 N - 2 scrolls of identify {unknown}
Potions
 d - 2 potions of magic {unknown}
 f - 2 potions of cancellation {unknown}
 B - 5 potions of curing {unknown}
 G - a potion of ambrosia {unknown}
 M - a potion of lignification {unknown}
 P - a potion of agility {unknown}
 R - a potion of degeneration {unknown}
 T - a potion of mutation {unknown}
Comestibles
 b - 5 bread rations
 c - 3 fruits
 z - 2 meat rations
 Q - 2 royal jellies
 U - 6 chunks of flesh


   Skills:
 + Level 5.4 Fighting
 - Level 2.4 Dodging
 - Level 1.0 Stealth
 + Level 6.4 Unarmed Combat


You had 6 spell levels left.
You didn't know any spells.

Dungeon Overview and Level Annotations

Branches:
Dungeon (5/15)
 Temple: D:4-7

Altars:
Ashenzari
Elyvilon
Kikubaaqudgha
Sif Muna
The Shining One


Innate Abilities, Weirdness & Mutations

You are too large for most types of armour.
You have claws for hands.
Your metabolism is lightning-fast.
You like to eat raw meat.
Your natural rate of healing is unusually fast.
You are covered in fur. (AC +1)
You have very tough skin. (AC +2)


Message History

The centaur shoots an arrow!
The arrow hits you!!! The arrow freezes you!
A jackal comes into view!
You see here an arrow!
The centaur shoots an arrow!
The arrow hits you!!!
The arrow freezes butt!
The jackal moves out of view!
The centaur shoots an arrow!
The arrow hits you!!! * * * don't die
* * * The arrow freezes you! * * * don't die
* * * You see here 2 arrows!
Okay, then!
The centaur butts an arrow!
The arrow hits you!!! * * * don't butt
* * * The arrow freezes you! * * * don't die
* * * You see here 2 arrows!
The centaur shoots an arrow!
The arrow hits you!!! * * * don't die
* * * The arrow freezes you! butt

#.......# #.# #.....#.....#.. .
#.......# #.# #.....##...##..
.#####)#### #.# #......#...#...
..........#####.# #......##.##...
.#..###.......#.# ####....#.#....
.#..##.....##.#.# ..###.##'##.##
........#..##.#.###....###...###
#......###......##.....c.#._.#...
#..⌠..##_##)#.##@((....###...###.
#......'##.)#.##.#...###.#####
##..PP..#.....##...### ...#.#..
#.P≈≈P...######.... ....##.##..
#...P....# #......... ... ..
##.....### #.#...h.. .. #.
#.#...# #....... #.....#
#.#...... #####...####.


You could see a centaur.

Vanquished Creatures
  An ogre (D:5)
  2 water moccasin zombies
  A scorpion (D:5)
  A water moccasin skeleton (D:4)
  A crimson imp (D:5)
  2 hounds (D:5)
  An orc priest (D:5)
  An orc wizard (D:5)
  A worker ant (D:4)
  A hound skeleton (D:3)
  10 gnolls
  4 adders
  A shadow imp (D:5)
  An adder skeleton (D:3)
  5 worms
  2 leopard geckos
  An orc (D:5)
  5 giant cockroaches
  6 goblins
  5 hobgoblins
  2 quokkas (D:3)
  2 ball pythons
  4 bats
  3 frilled lizards
  2 giant cockroach zombies
  9 kobolds
  7 rats
81 creatures vanquished.

Notes
Turn   | Place    | Note
-------+----------+-------------------------------------------
     0 | D:1      | Gorglomux the Troll Monk began the quest for the Orb.
     0 | D:1      | Reached XP level 1. HP: 22/22 MP: 0/0
   166 | D:1      | Reached XP level 2. HP: 29/29 MP: 1/1
   451 | D:1      | Upgraded the game from 0.21-a0-265-gb353147 to 0.21-a0-270-g8204059
  1020 | D:2      | Reached skill level 3 in Fighting
  1020 | D:2      | Reached XP level 3. HP: 23/37 MP: 2/2
  1246 | D:2      | Reached skill level 4 in Unarmed Combat
  1287 | D:2      | Reached XP level 4. HP: 39/45 MP: 3/3
  1469 | D:2      | Found an ancient bone altar of Kikubaaqudgha.
  1471 | D:2      | Found a deep blue altar of Sif Muna.
  1529 | D:2      | Reached XP level 5. HP: 17/54 MP: 4/4
  1971 | D:3      | Reached skill level 5 in Unarmed Combat
  2527 | D:4      | Reached XP level 6. HP: 58/63 MP: 5/5
  3073 | D:5      | Entered Level 5 of the Dungeon
  3097 | D:5      | Found a white marble altar of Elyvilon.
  3299 | D:5      | Reached skill level 6 in Unarmed Combat
  3299 | D:5      | Reached XP level 7. HP: 70/72 MP: 6/6
  3363 | D:5      | Found a glowing golden altar of the Shining One.
  3415 | D:5      | Found a shattered altar of Ashenzari.
  3490 | D:5      | HP: 1/72 [centaur/arrow (7)]
  3490 | D:5      | Shot with an arrow by a centaur

Vault maps used:
D:1:      onia_arrival_mini_maze, minmay_misc_feat_hallway
D:2:      nicolae_overflow_hidden_temple, minmay_tromino_v4_a
D:3:      serial_undead, serial_undead_e, serial_undead_c, serial_undead_a,
          serial_undead_a
D:4:      first_bread, hangedman_abyss_or_decor_stabs
D:5:      tso_oasis_becter, overflow_temple_1_default,
          hangedman_abyss_or_decor_passed, nicolae_ashenzari_panopticon,
          uniq_eustachio

Skill      XL: |  1  2  3  4  5  6 |
---------------+-------------------+-----
Fighting       | 3 4 5 |  5.4
Unarmed Combat | 4 5 6 |  6.4
Dodging        | |  2.4
Stealth        | |  1.0

Action                   |  1- 3 |  4- 6 |  7- 9 || total
-------------------------+-------+-------+-------++-------
Melee: Unarmed           |    94 |   144 |    16 ||   254
       Punch             |     2 |     1 |       ||     3
       Short sword       |       |       |     3 ||     3
 Stab: Sleeping          |     4 |     1 |       ||     5
       Distracted        |       |     1 |       ||     1
  Eat: Chunk             |    17 |    18 |     2 ||    37
Armor: Robe              |    20 |    22 |     5 ||    47
Dodge: Dodged            |    41 |    55 |     7 ||   103

Table legend:
 A = Spawn XP
 B = Non-spawn XP
 C = Spawn XP percentage of total XP
 D = Spawn monster count
 E = Non-spawn monster count
 F = Spawn count percentage of total count
 G = Total turns spent on level
                    A         B        C        D         E        F      G
               +---------+---------+-------+---------+---------+-------+---------
         Total |       0 |     990 |   0.0 |       0 |      81 |   0.0 |  3490
               +---------+---------+-------+---------+---------+-------+---------
           D:1 |       0 |      28 |   0.0 |       0 |      18 |   0.0 |   903
           D:2 |       0 |     265 |   0.0 |       0 |      33 |   0.0 |   959
           D:3 |       0 |      54 |   0.0 |       0 |      11 |   0.0 |   569
           D:4 |       0 |     101 |   0.0 |       0 |       4 |   0.0 |   642
           D:5 |       0 |     542 |   0.0 |       0 |      15 |   0.0 |   417
               +---------+---------+-------+---------+---------+-------+---------
